 Dungeon Crawl Stone Soup version 0.19.3-4-gbf9329e (webtiles) character file.

190042 protoss039 the Severer (level 17, -7/144 HPs)
             Began as a Minotaur Fighter on Jan 30, 2017.
             Was the Champion of Okawaru.
             Mangled by the 24-headed Lernaean hydra (9 damage)
             ... on level 3 of the Swamp.
             The game lasted 03:36:06 (34304 turns).

protoss039 the Severer (Minotaur Fighter)          Turns: 34304, Time: 03:36:07

Health: -7/144     AC: 37    Str: 30    XL:     17   Next: 96%
Magic:  15/15      EV:  6    Int:  5    God:    Okawaru [******]
Gold:   1766       SH: 25    Dex:  8    Spells: 0 memorised, 16 levels left

rFire  + . .     SeeInvis +     Q - +4 scimitar (flame)
rCold  + + +     Gourm    .     E - +3 crystal plate armour
rNeg   + + +     Faith    .     b - +2 large shield {AC+3}
rPois  +         Spirit   .     g - +1 hat of Ezasev Ruugo {rF+ rC+++ MP-9 Str+5}
rElec  +         Reflect  .     h - +1 cloak {rPois}
rCorr  .         Harm     .     X - +0 pair of gloves of Makhleb's Envy {Str+3}
MR     ++...                    U - +0 pair of boots {Fly}
Stlth  ..........               (no amulet)
                                Y - ring of Pantheism {rElec rN+++ Str-5 Dex-3 SInv}
                                I - ring of protection from magic

@: flying
A: retaliatory headbutt, horns 2, frail 1, mutation resistance 1
a: Heroism, Finesse, Renounce Religion, Stop Flying


You were on level 3 of the Swamp.
You worshipped Okawaru.
Okawaru was exalted by your worship.
You were full.

You visited 6 branches of the dungeon, and saw 31 of its levels.
You also visited: Labyrinth.

You collected 3288 gold pieces.
You spent 1522 gold pieces at shops.

Inventory:

Hand Weapons
 L - a +2 broad axe of chopping
 Q - a +4 scimitar of flaming (weapon)
Missiles
 s - 4 large rocks (quivered)
Armour
 b - a +2 large shield of protection (worn)
 g - the +1 hat of Ezasev Ruugo (worn) {rF+ rC+++ MP-9 Str+5}
   (Okawaru gifted it to you on level 13 of the Dungeon)

   It affects your strength (+5).
   It protects you from fire.
   It renders you almost immune to cold.
   It affects your magic capacity (-9).
 h - a +1 cloak of poison resistance (worn)
 E - a +3 crystal plate armour (worn)
 U - a +0 pair of boots of flying (worn)
 X - the +0 pair of gloves of Makhleb's Envy (worn) {Str+3}
   (You found it on level 1 of the Swamp)

   It affects your strength (+3).
Jewellery
 I - a ring of protection from magic (left hand)
 P - an uncursed ring of resist corrosion
 Y - the ring of Pantheism (right hand) {rElec rN+++ Str-5 Dex-3 SInv}
   (You found it on level 2 of the Swamp)

   [ring of see invisible]

   It affects your strength (-5).
   It affects your dexterity (-3).
   It insulates you from electricity.
   It renders you almost immune to negative energy.
   It lets you see invisible.
Wands
 v - a wand of disintegration (3/24)
 y - a wand of lightning (9/15)
 S - a wand of lightning (7/15)
Scrolls
 i - 10 scrolls of identify
 l - 2 scrolls of holy word
 q - 21 scrolls of remove curse
 t - a scroll of summoning {unknown}
 C - 11 scrolls of recharging
 D - a scroll of teleportation
 G - 3 scrolls of fear
 K - a scroll of magic mapping
 T - 3 scrolls of enchant weapon
Potions
 k - a potion of haste
 m - 2 potions of lignification
 r - a potion of brilliance
 u - a potion of heal wounds
 w - a potion of mutation {unknown}
 z - 4 potions of agility
 J - 2 potions of cure mutation
 N - a potion of resistance
 O - a potion of berserk rage
 V - a potion of cancellation {unknown}
 W - a potion of ambrosia {unknown}
Books
 e - a book of Transfigurations

   Spells                             Type                      Level
   a - Irradiate                      Conjuration/Transmutation    5
   b - Statue Form                    Transmutation/Earth          6
   c - Hydra Form                     Transmutation                6
   d - Dragon Form                    Transmutation                7
Comestibles
 a - a slice of pizza
 f - 23 bread rations
 j - 11 meat rations
 o - 5 beef jerkies
 p - 11 fruits


   Skills:
 * Level 17.3 Fighting
 - Level 0.8 Long Blades
 + Level 18.4 Axes
 * Level 7.5 Throwing
 * Level 15.9 Armour
 - Level 1.0 Dodging
 * Level 18.4 Shields
 * Level 11.5 Invocations


You had 16 spell levels left.
You didn't know any spells.

Dungeon Overview and Level Annotations

Branches:
Dungeon (15/15)            Temple (1/1) D:4            Lair (6/6) D:9
  Swamp (4/4) Lair:3        Snake (0/4) Lair:3        Slime (0/5) Lair:6
    Orc (2/2) D:12            Elf (3/3) Orc:2        Vaults (0/5) D:14
 Depths (0/5) D:15

Altars:
Ashenzari
Cheibriados
Dithmenos
Elyvilon
Fedhas
Gozag
Hepliaklqana
Kikubaaqudgha
Makhleb
Nemelex Xobeh
Okawaru
Qazlal
Ru
Sif Muna
Trog
Uskayaw
Vehumet
Xom
Yredelemnul
Zin
The Shining One
Beogh

Shops:
D:12 ?   D:14 [   Orc:2 *[*(!   Elf:1 [   Elf:3 *

Portals:
Trove: Elf:2 (give 7 potions of haste)

Annotations:
D:1 Terence
Swamp:3 Lernaean hydra


Innate Abilities, Weirdness & Mutations

You reflexively headbutt those who attack you in melee.
You have a pair of horns on your head.
You are frail. (-10% HP)
You are somewhat resistant to further mutation.


Message History

You block the 24-headed Lernaean hydra's attack. x2
The 24-headed Lernaean hydra bites you.
* * * LOW HITPOINT WARNING * * *
You block the 24-headed Lernaean hydra's attack.
The 24-headed Lernaean hydra barely misses you.
The 24-headed Lernaean hydra bites you but does no damage. x3
You block the 24-headed Lernaean hydra's attack.
The 24-headed Lernaean hydra bites you but does no damage.
The 24-headed Lernaean hydra bites you.
* * * LOW HITPOINT WARNING * * *
The 24-headed Lernaean hydra bites you but does no damage.
The 24-headed Lernaean hydra bites you.
* * * LOW HITPOINT WARNING * * *
The 24-headed Lernaean hydra bites you but does no damage. x2
You block the 24-headed Lernaean hydra's attack.
The 24-headed Lernaean hydra bites you.
* * * LOW HITPOINT WARNING * * *
The 24-headed Lernaean hydra bites you but does no damage. x2
The 24-headed Lernaean hydra bites you!
You die...

♣♣..≈≈≈≈≈≈.≈≈.....≈≈≈≈≈≈..
♣..≈≈≈≈≈≈≈....≈≈≈≈≈≈≈≈≈≈.≈
♣♣≈≈≈≈≈≈≈.♣≈..≈≈≈≈≈≈≈≈≈≈..
♣♣....≈..♣≈.≈≈♣≈.≈≈≈≈≈≈≈≈≈
♣≈..≈♣≈.......≈≈.≈≈≈.≈≈≈≈≈
♣♣..♣♣♣≈.≈§≈≈≈..≈.≈)≈≈≈≈≈≈≈
♣.≈≈.♣♣♣.≈≈≈§.≈♣♣♣<≈≈≈≈≈≈≈≈
♣.≈≈.≈♣≈≈≈≈≈≈≈≈≈♣♣.≈≈≈≈≈≈≈≈
♣♣♣♣≈<≈♣.≈@D≈♣≈≈♣♣.....≈≈≈≈
♣♣≈≈..≈≈≈....≈.≈≈≈≈^..≈..
♣≈.≈≈≈≈≈≈..≈≈≈≈≈≈≈≈...≈≈≈
♣♣.≈≈≈.♣♣≈≈≈≈≈≈≈≈≈≈≈≈≈≈≈≈
♣♣≈≈≈≈.♣♣♣≈≈≈≈≈♣≈≈≈≈≈..≈≈≈
♣..≈≈≈≈..♣♣≈≈≈≈≈≈≈≈.♣♣♣≈≈.
♣..≈≈≈≈≈≈≈♣≈≈≈≈≈≈≈≈♣≈≈...≈
♣.≈≈≈≈≈≈≈...≈≈≈.≈≈.♣♣≈♣≈.≈
♣.≈≈≈≈≈≈≈....§≈....≈♣♣♣♣♣♣


You could see the 24-headed Lernaean hydra.

Vanquished Creatures
  Mara (Swamp:3)
  Saint Roka (Orc:2)
  4 deep elf blademasters (Elf:2)
  4 thorn hunters
  Donald (Swamp:4)
  A deep elf sorcerer (Elf:1)
  A fire giant (D:15)
  3 deep elf elementalists
  A very ugly thing (Swamp:4)
  4 dire elephants (Lair:6)
  Snorg (Lair:5)
  A minotaur (Lab)
  2 deep elf high priests
  4 vault guards (D:14)
  24 hydras
  5 ghost crabs
  An anaconda (Lair:6)
  Erica (D:8)
  12 alligators
  5 centaur warriors
  29 dancing weapons
  2 orc high priests
  Urug (Orc:2)
  13 deep elf knights
  3 skeletal warriors (D:15)
  An unseen horror (D:12)
  8 swamp dragons
  7 hill giants
  2 spriggan druids
  2 shambling mangroves
  7 deep elf archers
  2 orc knights (Orc:2)
  Pikel (D:8)
  A wolf spider zombie (D:14)
  5 ugly things
  37 deep elf magi
  3 orc sorcerers
  Maurice (D:8)
  2 manticores (D:15)
  2 cyclopes
  4 black mambas
  8 elephants
  16 spiny frogs
  3 centaur skeletons
  A spiny frog (shapeshifter) (Elf:2)
  10 komodo dragons
  2 rime drakes
  A komodo dragon (shapeshifter) (D:14)
  A kobold demonologist (D:12)
  3 efreet
  A jumping spider (shapeshifter) (D:13)
  2 two-headed ogres
  3 tyrant leeches (Swamp:1)
  5 trolls
  A polar bear (Lair:4)
  8 hornets
  21 blink frogs
  18 bog bodies
  24 slime creatures
  2 hippogriffs
  8 redbacks (Elf:2)
  A centaur simulacrum (D:14)
  2 water elementals
  2 shadows
  A wraith (D:10)
  39 yaks
  6 spriggans
  An air elemental (Elf:1)
  A human (shapeshifter) (Elf:1)
  A vampire (D:14)
  10 wyverns
  Eustachio (D:4)
  The ghost of Vorshek the Magician, an amateur GrWz (D:4)
  4 basilisks
  3 hungry ghosts
  3 humans (D:7)
  25 vampire mosquitoes
  3 fire elementals
  2 chaos spawn (D:15)
  A mottled dragon (D:13)
  Menkaure (D:7)
  A mottled dragon (shapeshifter) (Elf:1)
  5 wargs
  15 insubstantial wisps
  24 swamp worms
  11 water moccasins
  A soldier ant (D:14)
  9 porcupines
  Duvessa (D:7)
  11 swamp drakes
  4 phantoms
  4 slaves (D:8)
  2 sky beasts
  31 orc warriors
  5 ice beasts
  A necrophage (D:10)
  5 boggarts (D:15)
  6 ogres
  9 wolves
  9 crocodiles
  15 centaurs
  2 big kobolds
  A gnoll sergeant (D:10)
  3 earth elementals (Elf:1)
  18 bullfrogs
  Blork the orc (Orc:2)
  Dowan (D:7)
  A wyvern skeleton (D:14)
  2 scorpions
  8 killer bees
  9 wights
  3 electric eels
  2 howler monkeys (D:12)
  8 crimson imps
  2 lava snakes (Lair:5)
  4 bullfrog zombies
  5 centaur zombies
  A quasit (D:9)
  Crazy Yiuf (D:6)
  6 hounds
  5 jellies
  21 orc priests
  20 orc wizards
  2 bullfrog skeletons
  4 iguanas
  11 worker ants
  A hound skeleton (D:8)
  Robin (D:3)
  A howler monkey skeleton (D:7)
  8 adders
  13 gnolls
  3 shadow imps
  An adder zombie (D:5)
  3 dart slugs
  5 leopard geckos
  89 orcs
  3 ball pythons
  7 giant cockroaches
  19 goblins
  12 hobgoblins
  15 jackals
  17 kobolds
  3 quokkas
  5 bats
  8 frilled lizards
  A leopard gecko skeleton (D:8)
  4 rats
  5 briar patches (Swamp:3)
  2 crawling corpses (Elf:1)
  3 fungi
  6 plants
1001 creatures vanquished.

Vanquished Creatures (others)
  A deep elf annihilator (Elf:2)
  2 deep elf archers
  A water elemental (Elf:2)
  A swamp worm (Swamp:2)
  5 briar patches
  14 fungi
  13 plants
37 creatures vanquished.

Grand Total: 1038 creatures vanquished

Notes
Turn   | Place    | Note
-------+----------+-------------------------------------------
     0 | D:1      | protoss039 the Minotaur Fighter began the quest for the Orb.
     0 | D:1      | Reached XP level 1. HP: 19/19 MP: 0/0
   335 | D:1      | Reached XP level 2. HP: 27/27 MP: 1/1
   722 | D:2      | Noticed Terence
   983 | D:2      | Reached XP level 3. HP: 33/33 MP: 2/2
  1118 | D:2      | Found a hide-covered altar of Uskayaw.
  1463 | D:2      | Reached XP level 4. HP: 36/40 MP: 3/3
  1464 | D:2      | Found an opulent altar of Gozag.
  1976 | D:3      | Found a hazy altar of Hepliaklqana.
  2030 | D:3      | Noticed Robin
  2041 | D:3      | Killed Robin
  2414 | D:4      | Noticed Vorshek's ghost (amateur GrWz)
  2430 | D:4      | Killed Vorshek's ghost
  2430 | D:4      | Reached skill level 5 in Axes
  2430 | D:4      | Reached skill level 5 in Armour
  2430 | D:4      | Reached skill level 1 in Dodging
  2430 | D:4      | Reached XP level 5. HP: 27/47 MP: 4/4
  2430 | D:4      | Reached XP level 6. HP: 30/53 MP: 5/5
  2508 | D:4      | Found a snail-covered altar of Cheibriados.
  2601 | D:4      | Reached skill level 5 in Shields
  2664 | D:4      | Reached skill level 5 in Fighting
  2696 | D:4      | Noticed Eustachio
  2710 | D:4      | Killed Eustachio
  2710 | D:4      | Reached XP level 7. HP: 36/61 MP: 6/6
  3044 | D:4      | Found a staircase to the Ecumenical Temple.
  3060 | Temple   | Entered the Ecumenical Temple
  3107 | Temple   | Became a worshipper of Warmaster Okawaru
  3311 | D:5      | Entered Level 5 of the Dungeon
  3480 | D:5      | Found a deep blue altar of Sif Muna.
  3527 | D:5      | Found a bloodstained altar of Trog.
  3527 | D:5      | Found a glowing silver altar of Zin.
  3553 | D:5      | Found a shimmering altar of Xom.
  3553 | D:5      | Found a burning altar of Makhleb.
  3763 | D:5      | Found a faded altar of an unknown god.
  3763 | D:5      | Found a faded altar of an unknown god.
  3768 | D:5      | Found a faded altar of an unknown god.
  3779 | D:5      | Found a stormy altar of Qazlal.
  3783 | D:5      | Found a faded altar of an unknown god.
  3925 | D:6      | Reached XP level 8. HP: 70/70 MP: 7/7
  3986 | D:6      | Reached * piety under Okawaru
  4209 | D:6      | Found a runed door.
  4385 | D:6      | Noticed Crazy Yiuf
  4389 | D:6      | Killed Crazy Yiuf
  4684 | D:7      | Noticed Menkaure
  4698 | D:7      | Killed Menkaure
  4710 | D:7      | Reached skill level 1 in Invocations
  5039 | D:7      | Reached ** piety under Okawaru
  5039 | D:7      | Reached XP level 9. HP: 78/78 MP: 8/8
  5384 | D:7      | Noticed Dowan
  5386 | D:7      | Noticed Duvessa
  5392 | D:7      | Killed Duvessa
  5401 | D:7      | Killed Dowan
  5720 | D:8      | Noticed Erica
  5754 | D:8      | Killed Erica
  5754 | D:8      | Reached *** piety under Okawaru
  5754 | D:8      | Reached skill level 10 in Axes
  6246 | D:8      | Noticed Pikel
  6267 | D:8      | Killed Pikel
  6267 | D:8      | Reached **** piety under Okawaru
  6267 | D:8      | Reached XP level 10. HP: 44/90 MP: 11/11
  6305 | D:8      | Found a sacrificial altar of Ru.
  6305 | D:8      | Found a basalt altar of Yredelemnul.
  6469 | D:8      | Noticed Maurice
  6488 | D:8      | Killed Maurice
  6925 | D:8      | Reached ***** piety under Okawaru
  7373 | D:9      | Found a staircase to the Lair.
  7688 | D:9      | Reached skill level 5 in Invocations
  7933 | D:10     | Entered Level 10 of the Dungeon
  8030 | D:10     | Received a gift from Okawaru
  8239 | D:10     | Reached XP level 11. HP: 86/97 MP: 13/13
  9108 | D:11     | Noticed a green ugly thing
  9122 | D:11     | Killed a green ugly thing
  9238 | D:11     | Found a white marble altar of Elyvilon.
  9245 | D:11     | Reached skill level 10 in Fighting
  9256 | D:11     | Noticed a hill giant
  9273 | D:11     | Killed a hill giant
  9279 | D:11     | Identified 3 scrolls of acquirement
  9291 | D:11     | Got a vibrating lead ring
  9294 | D:11     | Identified the ring "Futed" {+Inv Dex+3} (You acquired it on level 11 of the Dungeon)
  9299 | D:11     | Got a warped jade amulet
  9301 | D:11     | Identified the amulet of Tyit {Gourm rElec rF- rN++} (You acquired it on level 11 of the Dungeon)
  9375 | D:11     | Noticed a hill giant
  9386 | D:11     | Killed a hill giant
  9786 | D:12     | Noticed a six-headed hydra
  9797 | D:12     | Killed a one-headed hydra
  9797 | D:12     | Reached skill level 10 in Armour
  9854 | D:12     | Reached skill level 10 in Shields
 10015 | D:12     | Found a staircase to the Orcish Mines.
 10061 | D:12     | Found Bearchoso's Magic Scroll Shop.
 10090 | D:12     | Killed an unseen horror
 10091 | D:12     | Bought 3 scrolls of identify for 84 gold pieces
 10091 | D:12     | Bought a scroll of identify for 28 gold pieces
 10461 | D:12     | Reached ****** piety under Okawaru
 10555 | D:12     | Noticed a sixfirhy
 10717 | D:13     | Found a labyrinth entrance.
 10731 | Lab      | Entered a labyrinth
 11054 | Lab      | Noticed a minotaur
 11061 | Lab      | Killed a minotaur
 11064 | Lab      | Got a slimy ring mail
 11072 | Lab      | Identified Jaing's Tome of Spatial Evil Rites
 11072 | Lab      | Identified the Guide on the Entourage and the Compass
 11087 | D:13     | Identified the +2 ring mail of the Bulwark {SInv Stlth+} (You took it off a minotaur in a labyrinth)
 11191 | D:13     | Reached XP level 12. HP: 104/108 MP: 15/15
 11701 | D:13     | Noticed a centaur warrior
 11708 | D:13     | Killed a centaur warrior
 11708 | D:13     | Received a gift from Okawaru
 11711 | D:13     | Got an ichor-stained hat {god gift}
 11720 | D:13     | Identified the +1 hat of Ezasev Ruugo {rF+ rC+++ MP-9 Str+5} (Okawaru gifted it to you on level 13 of the Dungeon)
 11808 | D:14     | Noticed a centaur warrior
 11815 | D:14     | Killed a centaur warrior
 12160 | D:14     | Noticed a vault guard
 12160 | D:14     | Noticed a vault guard
 12171 | D:14     | Killed a vault guard
 12171 | D:14     | Reached skill level 1 in Throwing
 12177 | D:14     | Killed a vault guard
 12178 | D:14     | Noticed a vault guard
 12189 | D:14     | Killed a vault guard
 12339 | D:14     | Noticed a vault guard
 12348 | D:14     | Killed a vault guard
 12349 | D:14     | Found a gate to the Vaults.
 12516 | D:14     | Noticed a centaur warrior
 12521 | D:14     | Killed a centaur warrior
 12558 | D:14     | Received a gift from Okawaru
 12574 | D:14     | Identified a +1 pair of boots of running (Okawaru gifted it to you on level 14 of the Dungeon)
 12575 | D:14     | w
 12575 | D:14     | tom
 12706 | D:14     | Found Cufeatat's Antique Armour Shop.
 12718 | D:14     | Bought an embroidered cloak for 346 gold pieces
 12801 | D:14     | Reached XP level 13. HP: 118/118 MP: 8/17
 13012 | D:15     | Entered Level 15 of the Dungeon
 13061 | D:15     | Found a shimmering altar of Xom.
 13169 | D:15     | Noticed a fire giant
 13354 | D:15     | Found a staircase to the Depths.
 13670 | D:15     | Killed a fire giant
 13670 | D:15     | Reached skill level 15 in Axes
 13818 | D:15     | Received a gift from Okawaru
 14219 | D:15     | Gained mutation: Armour fits poorly on your strangely shaped body. [a neqoxec]
 14531 | Lair:1   | Entered Level 1 of the Lair of Beasts
 16330 | Lair:3   | Found a staircase to the Snake Pit.
 16490 | Lair:3   | Found a staircase to the Swamp.
 16718 | Lair:3   | Received a gift from Okawaru
 16718 | Lair:3   | Reached XP level 14. HP: 128/129 MP: 10/19
 17084 | Lair:3   | Lost mutation: Armour fits poorly on your strangely shaped body. [potion of cure mutation]
 18447 | Lair:5   | Noticed Snorg
 18458 | Lair:5   | Killed Snorg
 18895 | Lair:6   | Entered Level 6 of the Lair of Beasts
 19326 | Lair:6   | Found a staircase to the Slime Pits.
 19825 | Lair:6   | Got a twisted halberd
 20044 | Lair:6   | Received a gift from Okawaru
 20057 | Lair:6   | Got a smoking cloak {god gift}
 20081 | Lair:6   | Identified the +0 cloak of Orthodoxy {Dex+3} (Okawaru gifted it to you on level 6 of the Lair of Beasts)
 20372 | Orc:1    | Entered Level 1 of the Orcish Mines
 20675 | Orc:2    | Entered Level 2 of the Orcish Mines
 20743 | Orc:2    | Found a staircase to the Elven Halls.
 20898 | Orc:2    | Reached XP level 15. HP: 107/139 MP: 11/20
 21151 | Orc:2    | Found Maeseif's Distillery.
 21195 | Orc:2    | Bought a potion of might for 44 gold pieces
 21195 | Orc:2    | Bought a potion of heal wounds for 55 gold pieces
 21195 | Orc:2    | Bought a potion of resistance for 110 gold pieces
 21195 | Orc:2    | Bought a potion of heal wounds for 55 gold pieces
 21195 | Orc:2    | Bought a potion of might for 44 gold pieces
 21211 | Orc:2    | Noticed Urug
 21216 | Orc:2    | Noticed Blork the orc
 21240 | Orc:2    | Killed Urug
 21259 | Orc:2    | Found a roughly hewn altar of Beogh.
 21262 | Orc:2    | Killed Blork the orc
 21265 | Orc:2    | Noticed Saint Roka
 21275 | Orc:2    | Found Boxinnink's Bounteous Boutique.
 21293 | Orc:2    | Bought a potion of beneficial mutation for 490 gold pieces
 21718 | Orc:2    | Found Boguryej's Antique Armour Emporium.
 21727 | Orc:2    | Killed Saint Roka
 21732 | Orc:2    | Found Teufy's General Store.
 21796 | Orc:2    | Bought a pair of scorched gloves for 266 gold pieces
 21806 | Orc:2    | Identified the +0 pair of gloves of the Stars {rC+ Int+4} (You bought it in a shop on level 2 of the Orcish Mines)
 22032 | Orc:2    | Found Caquf's Antique Weapon Emporium.
 22281 | Elf:1    | Entered Level 1 of the Elven Halls
 22672 | Elf:1    | Found Owirared's Antique Armour Boutique.
 22781 | Elf:1    | Reached skill level 15 in Fighting
 22784 | Elf:1    | Reached skill level 15 in Shields
 23118 | Elf:1    | Received a gift from Okawaru
 23234 | Elf:1    | Noticed a deep elf sorcerer
 23721 | Elf:1    | Killed a deep elf sorcerer
 24115 | Elf:1    | Reached skill level 10 in Invocations
 24759 | Elf:2    | Received a gift from Okawaru
 24807 | Elf:2    | Reached XP level 16. HP: 115/149 MP: 13/22
 24930 | Elf:2    | Reached skill level 5 in Throwing
 24934 | Elf:2    | Found a portal to a secret trove of treasure.
 25235 | Elf:2    | Found a runed gate.
 25235 | Elf:2    | Found a runed gate.
 25235 | Elf:2    | Found a runed gate.
 26084 | Elf:2    | Noticed a deep elf blademaster
 26160 | Elf:2    | Killed a deep elf blademaster
 26412 | Elf:2    | Received a gift from Okawaru
 26553 | Elf:3    | Entered Level 3 of the Elven Halls
 26579 | Elf:2    | Got an ancient battleaxe
 26580 | Elf:2    | Identified the +6 battleaxe of the Ageless Demons {chop, MR+ Dex+3} (You found it on level 2 of the Elven Halls)
 26793 | Elf:3    | Received a gift from Okawaru
 26880 | Elf:3    | Found Tukepp's Assorted Antiques.
 27149 | Elf:3    | Noticed a deep elf blademaster
 27153 | Elf:3    | Noticed a deep elf blademaster
 27201 | Elf:2    | Killed a deep elf blademaster
 27221 | Elf:2    | Killed a deep elf blademaster
 27590 | Elf:3    | Noticed a deep elf blademaster
 27631 | Elf:2    | Killed a deep elf blademaster
 28067 | Elf:3    | Reached skill level 15 in Armour
 28077 | Elf:3    | Noticed a Tzitzimitl
 28690 | Swamp:1  | Entered Level 1 of the Swamp
 28734 | Swamp:1  | Received a gift from Okawaru
 29253 | Swamp:1  | Got a pair of smoking gloves
 29276 | Swamp:1  | Identified the cursed +0 pair of gloves of Makhleb's Envy {Str+3} (You found it on level 1 of the Swamp)
 29692 | Swamp:2  | Noticed a thorn hunter
 29713 | Swamp:2  | Killed a thorn hunter
 29731 | Swamp:2  | Reached XP level 17. HP: 121/159 MP: 15/24
 30635 | Swamp:2  | Got a fine steel ring
 31173 | Swamp:3  | Received a gift from Okawaru
 31504 | Swamp:3  | Identified the ring of Pantheism {rElec rN+++ Str-5 Dex-3 SInv} (You found it on level 2 of the Swamp)
 31866 | Swamp:4  | Entered Level 4 of the Swamp
 32370 | Swamp:3  | Received a gift from Okawaru
 32610 | Swamp:4  | Noticed Donald
 32631 | Swamp:4  | Killed Donald
 32725 | Swamp:4  | Noticed Mara
 33066 | Swamp:4  | Noticed protoss039's illusion
 33182 | Swamp:4  | Noticed protoss039's illusion
 33347 | Swamp:3  | Noticed protoss039's illusion
 33371 | Swamp:3  | Killed Mara
 33713 | Swamp:3  | Got a bloodstained plate armour {god gift}
 33724 | Swamp:3  | Identified the +7 plate armour of Lethargy {*Contam rC+++ Dex+2 Stlth-} (Okawaru gifted it to you on level 3 of the Swamp)
 33747 | Swamp:3  | Gained mutation: You are frail. (-10% HP) [mutagenic glow]
 33763 | Swamp:3  | Gained mutation: You are somewhat resistant to further mutation. [potion of beneficial mutation]
 33780 | Swamp:4  | Noticed the 27-headed Lernaean hydra
 33796 | Swamp:3  | HP: 3/144 [the 26-headed Lernaean hydra (7)]
 34304 | Swamp:3  | HP: 4/144 [the 24-headed Lernaean hydra (5)]
 34304 | Swamp:3  | Mangled by the 24-headed Lernaean hydra

Skill      XL: |  1  2  3  4  5  6  7  8  9 10 11 12 13 14 15 16 17 |
---------------+----------------------------------------------------+-----
Armour         | 4 5 6 7 8 9 10 11 12 13 14 15 | 15.9
Fighting       | 4 5 6 8 9 10 12 13 14 15 16 17 | 17.3
Axes           | 3 5 6 7 9 10 12 13 14 15 16 17 18 | 18.4
Shields        | 4 5 7 8 10 11 13 14 15 16 18 | 18.4
Dodging        | 1 |  1.0
Invocations    | 1 3 5 6 7 8 9 10 11 | 11.5
Throwing       | 2 4 6 7 |  7.5
Long Blades    | |  0.8

Action                   |  1- 3 |  4- 6 |  7- 9 | 10-12 | 13-15 | 16-18 || total
-------------------------+-------+-------+-------+-------+-------+-------++-------
Melee: War axe           |    84 |   125 |   366 |   393 |       |       ||   968
       Headbutt          |    11 |    17 |    75 |   147 |   288 |   257 ||   795
       Broad axe         |       |       |       |   330 |  1140 |   904 ||  2374
       Scimitar          |       |       |       |     7 |    23 |    98 ||   128
       Battleaxe         |       |       |       |       |       |    47 ||    47
Invok: Finesse           |       |       |       |       |       |     1 ||     1
Evoke: Sack of spiders   |       |       |       |     3 |       |       ||     3
       Wand              |       |       |       |     4 |     2 |     7 ||    13
  Use: Scroll            |     1 |     2 |    16 |    12 |     9 |     9 ||    49
       Potion            |       |     1 |     7 |    11 |    11 |    11 ||    41
  Eat: Chunk             |     2 |     4 |    10 |    58 |    29 |    12 ||   115
       Royal jelly       |       |       |     1 |       |       |     1 ||     2
       Meat ration       |       |       |       |     1 |       |       ||     1
       Fruit             |       |       |       |       |     5 |    14 ||    19
       Pizza             |       |       |       |       |       |     3 ||     3
       Beef jerky        |       |       |       |       |       |     1 ||     1
       Bread ration      |       |       |       |       |       |     1 ||     1
Armor: Scale mail        |    36 |    70 |    12 |       |       |       ||   118
       Crystal plate arm |       |       |   231 |   403 |   480 |  1077 ||  2191
       Skin              |       |       |       |       |       |    10 ||    10
Dodge: Dodged            |    25 |    45 |    43 |    82 |   174 |   236 ||   605
Block: Shield            |    53 |    79 |   181 |   381 |   627 |       ||  1321
       Reflection        |       |       |       |    12 |    27 |       ||    39
       Large shield      |       |       |       |       |   187 |  1314 ||  1501
       Rpst.: Scimitar   |       |       |       |       |     1 |     7 ||     8
